 Dungeon Crawl Stone Soup version 0.28-a0-1117-g0bdd5ba030 (webtiles) character file.

Game seed: 8395063214924713894

2297 porpoise the Thaumaturge (level 9, -6/47 HPs)
             Began as a Deep Elf Conjurer on Dec 12, 2021.
             Was an Initiate of Vehumet.
             Engulfed by a cloud of steam (12 damage)
             ... on level 6 of the Dungeon.
             The game lasted 00:34:27 (9872 turns).

porpoise the Thaumaturge (Deep Elf Conjurer)        Turns: 9872, Time: 00:34:27

Health: -6/47      AC:  5    Str:  6    XL:     9   Next: 17%
Magic:  11/24      EV: 12    Int: 26    God:    Vehumet [......]
Gold:   254        SH:  5    Dex: 13    Spells: 15/26 levels left

rFire   . . .      SeeInvis .   (no weapon)
rCold   . . .      Faith    .   (no shield)
rNeg    . . .      Spirit   .   a - +0 robe
rPois   .          Reflect  +   (no helmet)
rElec   .          Harm     .   i - +0 cloak
rCorr   .          Rampage  .   x - +0 pair of gloves
Will    .....                   f - +0 pair of boots
Stlth   +++.......              h - amulet of reflection
HPRegen 0.15/turn               (no ring)
MPRegen 0.19/turn               (no ring)

@: no status effects
A: no striking features
a: Renounce Religion


You were on level 6 of the Dungeon.
You worshipped Vehumet.
Vehumet was noncommittal.
You visited 2 branches of the dungeon, and saw 7 of its levels.
You also visited: Ossuary.

You collected 254 gold pieces.

Inventory:

Missiles
 b - 47 sling bullets
 d - 139 stones
 l - 5 boomerangs
 A - 2 poisoned darts
 B - 2 throwing nets
Armour
 a - a +0 robe (worn)
 f - a +0 pair of boots (worn)
 i - a +0 cloak (worn)
 x - a +0 pair of gloves (worn)
 y - a +1 buckler of poison resistance
Jewellery
 h - an amulet of reflection (around neck)
 s - the amulet "Enkasygg" {Spirit rElec Int+3}
   (You found it in an ossuary)

   [amulet of guardian spirit]

   It causes incoming damage to be divided between your reserves of health and
   magic.
   Int:       It affects your intelligence (+3).
   rElec:     It insulates you from electricity.
Wands
 w - a wand of acid (10)
 C - a wand of flame (12)
 E - a wand of polymorph (14)
Scrolls
 c - a scroll of blinking {unknown}
 j - 4 scrolls of teleportation
 o - 2 scrolls of vulnerability
 q - 2 scrolls of fog
 t - 2 scrolls of magic mapping
 u - a scroll of amnesia
 z - 2 scrolls of identify
 D - a scroll of holy word {unknown}
Potions
 e - a potion of brilliance
 g - a potion of cancellation
 k - a potion of mutation {unknown}
 m - 2 potions of flight
 n - 2 potions of resistance
 p - 3 potions of heal wounds
 r - a potion of magic {unknown}
 v - a potion of curing


   Skills:
 + Level 1.1 Fighting
 - Level 2.4 Dodging
 - Level 7.0 Stealth
 + Level 9.3 Spellcasting
 - Level 7.0 Conjurations
 - Level 7.0 Hexes
 - Level 5.0 Translocations


You had 15 spell levels left.
You knew the following spells:

 Your Spells              Type           Power      Damage    Failure   Level
a - Magic Dart            Conj           100%       1d8       1%          1
b - Searing Ray           Conj           96%        2d7       1%          2
c - Fulminant Prism       Conj/Hex       24%        3d13      2%          4
d - Iskenderun's Mystic   Conj/Tloc      43%        2d10      4%          4

Your spell library contained the following spells:

 Spells                   Type           Power      Damage    Failure   Level
 Ensorcelled Hibernation  Hex/Ice        60%        N/A       1%          2
 Dazzling Flash           Conj/Hex       96%        N/A       1%          3
 Freeze                   Ice            48%        1d7       4%          1
 Sting                    Tmut/Pois      48%        1d5       4%          1
 Poisonous Vapours        Pois/Air       24%        N/A       8%          2
 Hailstorm                Conj/Ice       30%        3d8       12%         4
 Frozen Ramparts          Ice            24%        1d4       16%         3
 Spider Form              Tmut/Pois      12%        N/A       16%         3
 Olgreb's Toxic Radiance  Pois           12%        N/A       45%         4
 Starburst                Conj/Fire      15%        6d6       88%         6


Dungeon Overview and Level Annotations

Branches:
Dungeon (6/15)             Temple (1/1) D:4         Ossuary (visited)

Altars:
Ashenzari
Elyvilon
Fedhas
Gozag
Hepliaklqana
Kikubaaqudgha
Makhleb
Nemelex Xobeh
Qazlal
Ru
Trog
Uskayaw
Vehumet
Wu Jian
Xom
Yredelemnul
Zin
The Shining One

Annotations:
D:6 Grinder


Message History

Grinder shouts!
Your fulminant prism crackles loudly.
Casting: Fulminant Prism (dangerous; 2% risk of failure)
Confirm with . or Enter, or press ? or * to list all spells.
You can't see any susceptible monsters within range! (Use Z to cast anyway.)
Casting: Fulminant Prism (dangerous; 2% risk of failure)
Confirm with . or Enter, or press ? or * to list all spells.
Aiming: Searing Ray (safe; 1% risk of failure)
Press: ? - help, Shift-Dir - straight line (Press . to maintain the ray.)
Your fulminant prism explodes!
Unknown command.
Casting: Searing Ray (safe; 1% risk of failure)
Confirm with . or Enter, or press ? or * to list all spells.
Aiming: Fulminant Prism (dangerous; 2% risk of failure)
Press: ? - help, Dir - move target You conjure a prism of explosive energy!
A fulminant prism comes into view.
Your fulminant prism crackles loudly.
Your fulminant prism explodes!
The blast of energy engulfs the steam dragon!!
The steam dragon is almost dead.
Casting: Fulminant Prism (dangerous; 2% risk of failure)
Confirm with . or Enter, or press ? or * to list all spells.
Aiming: Fulminant Prism (dangerous; 2% risk of failure)
Press: ? - help, Dir - move target You conjure a prism of explosive energy!
A fulminant prism comes into view.
The steam dragon breathes steam at you. The ball of steam hits you!
* * * LOW HITPOINT WARNING * * *
Your fulminant prism crackles loudly.
You are engulfed in a cloud of scalding steam.
* * * LOW HITPOINT WARNING * * *
You hear an explosion!
Vehumet accepts your kill.
You feel a bit more experienced.
Your Fighting skill increases to level 1!
You are engulfed in a cloud of scalding steam.
You die...

#.. #.#####.#
#..§..5.. #.#
#D#####.#
#§*......
#§#####.#
...#.###§§...#
#.....@§§..##
...<.###§§#.#
### #§.#.#
#..#.##
######.....#
#.........>#
#..........#
#.#####.##.#
#.# #.# .#


There were no monsters in sight!

Vanquished Creatures
  The ghost of ytrimaz the Insei, a novice OpTm of Ashenzari (D:5)
  A steam dragon (D:6)
  2 ice beasts
  An ogre (D:5)
  2 phantoms
  A kobold brigand (D:5)
  8 scorpions (Ossuary)
  A water moccasin skeleton (D:5)
  2 centaur zombies (Ossuary)
  A hound (D:6)
  3 orc priests
  2 gnoll shamans
  A centaur skeleton (D:6)
  3 iguanas
  An orc wizard (D:5)
  5 scorpion zombies (Ossuary)
  3 mummies (Ossuary)
  12 adders
  10 gnolls
  An ufetubus (D:4)
  3 worms
  4 dart slugs
  14 orcs
  11 ball pythons
  7 endoplasms
  13 giant cockroaches
  4 gnoll zombies (Ossuary)
  10 goblins
  9 hobgoblins
  11 jackals
  6 quokkas
  6 bats
  3 frilled lizards
  3 goblin zombies (Ossuary)
  2 hobgoblin zombies (Ossuary)
  10 kobolds
  A kobold zombie (Ossuary)
  6 rats
184 creatures vanquished.

Vanquished Creatures (others)
  15 fulminant prisms
  7 plants (D:5)
22 creatures vanquished.

Grand Total: 206 creatures vanquished

Notes
Turn   | Place    | Note
-------+----------+-------------------------------------------
     0 | D:1      | porpoise the Deep Elf Conjurer began the quest for the Orb.
     0 | D:1      | Reached XP level 1. HP: 10/10 MP: 6/6
   281 | D:1      | Reached XP level 2. HP: 15/15 MP: 4/8
   356 | D:1      | Learned a level 2 spell: Searing Ray
   401 | D:1      | Reached skill level 5 in Conjurations
   790 | D:1      | Reached XP level 3. HP: 19/19 MP: 7/9
  1536 | D:2      | Reached skill level 4 in Spellcasting
  1647 | D:2      | Reached XP level 4. HP: 24/24 MP: 10/12
  2621 | D:3      | Learned a level 4 spell: Fulminant Prism
  2626 | D:3      | Learned a level 4 spell: Iskenderun's Mystic Blast
  3136 | D:3      | Noticed a phantom
  3144 | D:3      | Killed a phantom
  3145 | D:3      | Reached skill level 5 in Spellcasting
  3145 | D:3      | Reached XP level 5. HP: 18/28 MP: 0/14
  4182 | D:4      | Found a sand-covered staircase.
  4188 | Ossuary  | Entered an ossuary
  4328 | Ossuary  | Reached XP level 6. HP: 32/32 MP: 5/16
  4719 | Ossuary  | Reached skill level 6 in Spellcasting
  5368 | Ossuary  | Reached XP level 7. HP: 26/36 MP: 13/19
  5372 | Ossuary  | Reached skill level 5 in Hexes
  5648 | Ossuary  | Reached skill level 7 in Spellcasting
  5655 | Ossuary  | Reached skill level 5 in Stealth
  5792 | Ossuary  | Identified the amulet "Enkasygg" {Spirit rElec Int+3}
  5816 | Ossuary  | Reached skill level 1 in Translocations
  6056 | D:4      | Found a staircase to the Ecumenical Temple.
  6092 | Temple   | Entered the Ecumenical Temple
  6445 | D:4      | Reached XP level 8. HP: 41/41 MP: 11/20
  7319 | D:5      | Entered Level 5 of the Dungeon
  7817 | D:5      | Found a runed translucent gate.
  7817 | D:5      | Found a runed translucent gate.
  7819 | D:5      | Found a runed translucent gate.
  7819 | D:5      | Noticed ytrimaz's ghost (novice OpTm)
  8678 | D:5      | Killed ytrimaz's ghost
  8679 | D:5      | Reached skill level 8 in Spellcasting
  8679 | D:5      | Reached skill level 5 in Translocations
  9490 | D:6      | Reached XP level 9. HP: 45/45 MP: 13/23
  9607 | D:6      | Found a radiant altar of Vehumet.
  9617 | D:6      | Became a worshipper of Vehumet
  9729 | D:6      | Reached skill level 9 in Spellcasting
  9862 | D:6      | Noticed Grinder
  9872 | D:6      | Reached skill level 1 in Fighting
  9872 | D:6      | Engulfed by a cloud of steam

Illustrated notes

Levels and vault maps discovered:
D:1:      dpeg_arrival_rooms_c, layout_loops_ring, minmay_pentomino_o4
D:2:      layout_basic, chequers_serial_rivers_small_a
D:3:      minmay_roachtagon, layout_basic, chequers_serial_rivers_micro_e
D:4:      layout_loops_ring, minmay_temple_entry_slanted,
          nicolae_ossuary_entry_plus
D:5:      layout_basic, gammafunk_ghost_split, nrook_pool_corridor,
          lexackson_kobold_supper
D:6:      layout_loops_ring, vehumet_altar_wand_db, minmay_misc_feat_ornament,
          chequers_decorated_corner, st_stairs_8, uniq_grinder,
          uniq_crazy_yiuf_cottage
Temple:   minmay_crystal_spiral_temple

Skill      XL: |  1  2  3  4  5  6  7  8  9 |
---------------+----------------------------+-----
Conjurations   | 5 6 7 |  7.0
Spellcasting   | 4 5 6 7 8 9 |  9.3
Stealth        | 3 4 5 6 7 |  7.0
Hexes          | 2 3 4 7 |  7.0
Translocations | 2 5 |  5.0
Fighting       | 1 |  1.1
Dodging        | |  2.4

Action                   |  1- 3 |  4- 6 |  7- 9 || total
-------------------------+-------+-------+-------++-------
Melee: Unarmed           |       |     6 |     4 ||    10
 Cast: Magic Dart        |    61 |    30 |    10 ||   101
       Searing Ray       |     6 |    40 |    54 ||   100
       Iskenderun's Myst |       |     2 |     4 ||     6
       Fulminant Prism   |       |       |    15 ||    15
  Use: Scroll            |     2 |     3 |     8 ||    13
       Potion            |       |     1 |       ||     1
Armor: Robe              |     2 |     7 |     4 ||    13
Dodge: Dodged            |     2 |    14 |    15 ||    31
Block: Other             |     2 |     8 |    10 ||    20
       Reflection        |       |       |     1 ||     1

Table legend: (Time is in decaauts)
 A = Elapsed time spent in this place.
 B = Non-inter-level travel time spent in this place.
 C = Inter-level travel time spent in this place.
 D = Time resting spent in this place.
 E = Time spent auto-exploring this place.
 F = Levels seen in this place.
 G = Mean time per level.
                   A        B        C        D        E       F      G
               +--------+--------+--------+--------+--------+-----+--------+
         Total |   9881 |   9572 |    309 |   4774 |   3479 |   8 | 1235.1 |
       Dungeon |   7874 |   7653 |    221 |   3379 |   3325 |   6 | 1312.3 |
        Temple |    215 |    128 |     87 |      0 |    110 |   1 |  215.0 |
       Ossuary |   1790 |   1790 |      0 |   1395 |     44 |   1 | 1790.0 |
               +--------+--------+--------+--------+--------+-----+--------+

Top non-repeatable levels by time:
     D:5: 2164 daAuts
 Ossuary: 1790 daAuts
     D:3: 1616 daAuts
     D:1: 1328 daAuts
     D:2: 1210 daAuts
     D:4: 1166 daAuts
     D:6: 387 daAuts
  Temple: 215 daAuts
